 Dungeon Crawl Stone Soup version 0.29-a0-542-g075992c915 (webtiles) character file.

Game seed: 18138995521724360183

268 Zeld the Bolt Thrower (level 6, -22/52 HPs)
             Began as a Meteoran Hunter on June 3, 2022.
             Annihilated by a two-headed ogre
             ... wielding a +0 giant spiked club
              (30 damage)
             ... on level 5 of the Dungeon.
             The game lasted 00:02:11 (2331 turns).

Zeld the Bolt Thrower (Meteoran Hunter)             Turns: 2331, Time: 00:02:12

Health: -22/52     AC:  3    Str: 15    XL:     6   Next: 74%
Magic:  7/7        EV: 14    Int: 11    God:
Gold:   94         SH:  0    Dex: 23    Spells: 5/5 levels left

rFire   . . .      SeeInvis .   a - +1 hand crossbow
rCold   . . .      Faith    .   (no shield)
rNeg    . . .      Spirit   .   b - +0 leather armour
rPois   .          Reflect  .   (no helmet)
rElec   .          Harm     .   (no cloak)
rCorr   .          Rampage  .   (no gloves)
Will    .....                   (no boots)
Stlth   +.........              (no amulet)
HPRegen 0.17/turn               l - +6 ring of dexterity
MPRegen 0.10/turn               (no ring)

@: glowing
A: sense surroundings 1, otherworldly, glowing, explore regen
a: no special abilities


You were on level 5 of the Dungeon.
You visited 1 branch of the dungeon, and saw 5 of its levels.

You collected 119 gold pieces.
You spent 25 gold pieces at shops.

Inventory:

Hand Weapons
 a - a +1 hand crossbow (weapon)
Missiles
 j - 2 throwing nets
Armour
 b - a +0 leather armour (worn)
 e - a +0 helmet
Jewellery
 l - a +6 ring of dexterity (left hand)
 s - a +4 ring of protection
 u - a ring of positive energy
 v - a ring of protection from fire
Scrolls
 c - a scroll of immolation
 d - 3 scrolls of teleportation {unknown}
 h - 2 scrolls of blinking {unknown}
 k - 3 scrolls of amnesia {unknown}
 n - a scroll of enchant armour {unknown}
 o - a scroll of noise {unknown}
 q - a scroll of magic mapping {unknown}
 r - a scroll of torment {unknown}
Potions
 f - 2 potions of flight {unknown}
 g - a potion of resistance {unknown}
 i - 2 potions of curing {unknown}
 m - 2 potions of mutation {unknown}
 p - 2 potions of degeneration {unknown}
 t - a potion of heal wounds {unknown}


   Skills:
 + Level 3.9 Fighting
 * Level 6.4 Crossbows
 + Level 4.3 Dodging
 - Level 0.6 Stealth


You had 5 spell levels left.
You didn't know any spells.
Your spell library was empty.

Dungeon Overview and Level Annotations

Branches:
Dungeon (5/15)
 Temple: D:4-7

Altars:
Dithmenos
Elyvilon
Fedhas
Hepliaklqana
Kikubaaqudgha
Sif Muna
Wu Jian
Beogh

Shops:
D:2 *


Innate Abilities, Weirdness & Mutations

You passively map a small area around you.
You are easily found by Zot.
You glow in the dark.
You regain HP and MP as you explore.


Message History

You shoot a bolt. The bolt hits the ice beast.
The ice beast is severely wounded.
The ice beast hits you. The ice beast freezes you!
You are too injured to fight recklessly!
You are too injured to fight recklessly!
You are too injured to fight recklessly!
Shoot: a) +1 hand crossbow
Press: ? - help, Q - select action, (/) - cycle Shift-Dir - straight line, f/p - ice beast
Aim: an ice beast (severely wounded, 69% to hit)
You shoot a bolt.
The bolt hits the ice beast but does no damage.
The ice beast is severely wounded.
The ice beast closely misses you.
Shoot: a) +1 hand crossbow
Press: ? - help, Q - select action, (/) - cycle Shift-Dir - straight line, f/p - ice beast
Aim: an ice beast (severely wounded, 69% to hit)
You shoot a bolt. The bolt hits the ice beast.
The ice beast is severely wounded.
The ice beast misses you. The ice beast barely misses you.
Shoot: a) +1 hand crossbow
Press: ? - help, Q - select action, (/) - cycle Shift-Dir - straight line, f/p - ice beast
Aim: an ice beast (severely wounded, 69% to hit)
You shoot a bolt. The bolt hits the ice beast.
The ice beast is almost dead.
The ice beast hits you. The ice beast freezes you!
* * * LOW HITPOINT WARNING * * *
Shoot: a) +1 hand crossbow
Press: ? - help, Q - select action, (/) - cycle Shift-Dir - straight line, f/p - ice beast
Aim: an ice beast (almost dead, 69% to hit)
You shoot a bolt. The bolt hits the ice beast.
You kill the ice beast!
Unknown command.
Shoot: a) +1 hand crossbow
Press: ? - help, Q - select action, (/) - cycle Shift-Dir - straight line, f - two-headed ogre
Aim: a two-headed ogre, wielding two +0 giant spiked clubs (80% to hit)
You shoot a bolt. The bolt hits the two-headed ogre.
The two-headed ogre is lightly wounded.
The two-headed ogre hits you with a +0 giant spiked club!!
Ouch! That really hurt!
You die...

,, * ** *
........# *
* ,.......#
,,...$..##**
, , .....( *
, , ....#* ,
... * , , **
**#O# ## .
..
#@#####...
*..
#.......# .
* #...#...#
*.#
########.###
#.###.#
#........#
*..... ** *
#.....>###
#..###... ,
#......#
##<<....#*
#......#
#..######
#......#
##.##


You could see a two-headed ogre.

Vanquished Creatures
  An ice beast (D:5)
  An orc priest (D:4)
  2 jellies
  An iguana (D:4)
  An adder (D:3)
  A worm (D:3)
  6 dart slugs
  6 orcs
  3 ball pythons
  3 bats
  3 endoplasms
  2 giant cockroaches (D:3)
  3 goblins
  A hobgoblin (D:1)
  2 frilled lizards
  4 kobolds
  7 rats
47 creatures vanquished.

Notes
Turn   | Place    | Note
-------+----------+-------------------------------------------
     0 | D:1      | Zeld the Meteoran Hunter began the quest for the Orb.
     0 | D:1      | Reached XP level 1. HP: 17/17 MP: 2/2
   156 | D:1      | Reached XP level 2. HP: 25/25 MP: 3/3
   316 | D:1      | Reached XP level 3. HP: 27/30 MP: 4/4
   489 | D:1      | Glimpsed the power of Zot.
   491 | D:2      | Found Ovyetoh's Assorted Antiques.
   494 | D:2      | Reached skill level 5 in Crossbows
   494 | D:2      | Reached XP level 4. HP: 37/37 MP: 5/5
   504 | D:2      | Bought a coppery potion for 25 gold pieces
   859 | D:3      | Found an ornate altar of the Wu Jian Council.
  1145 | D:3      | Found a white marble altar of Elyvilon.
  1146 | D:3      | Found a shadowy altar of Dithmenos.
  1149 | D:3      | Found an ancient bone altar of Kikubaaqudgha.
  1149 | D:3      | Found a shimmering blue altar of Sif Muna.
  1150 | D:3      | Found a hazy altar of Hepliaklqana.
  1157 | D:3      | Found a blossoming altar of Fedhas.
  1290 | D:3      | Reached XP level 5. HP: 45/45 MP: 6/6
  1416 | D:4      | Reached skill level 6 in Crossbows
  1416 | D:4      | Reached XP level 6. HP: 51/51 MP: 7/7
  2265 | D:4      | Glimpsed the power of Zot.
  2292 | D:5      | Entered Level 5 of the Dungeon
  2318 | D:5      | Noticed an ice beast
  2321 | D:5      | Noticed a two-headed ogre
  2330 | D:5      | Killed an ice beast
  2331 | D:5      | Annihilated by a two-headed ogre

Illustrated notes

Levels and vault maps discovered:
D:1:      dpeg_arrival_snail, layout_loops_corners,
          hellmonk_ecumenical_altar_defaced_shrine,
          wander_ebering_terrifying_dragon_lair
D:2:      layout_rooms, serial_shops, shop, roderic_roman_lattice,
          grunt_ministairs_7, minmay_hexomino_f4
D:3:      layout_loops_corners, nicolae_overflow_hallway_of_the_gods,
          corexii_item_surrounded_by_moat, dk_noncrumbling_3
D:4:      layout_loops_ring
D:5:      layout_rooms, uniq_pikel, uniq_eustachio, uniq_blork_the_orc,
          uniq_grinder

Skill      XL: |  1  2  3  4  5  6 |
---------------+-------------------+-----
Crossbows      | 5 6 |  6.4
Dodging        | 3 4 |  4.3
Fighting       | 3 |  3.9
Stealth        | |  0.6

Action                   |  1- 3 |  4- 6 || total
-------------------------+-------+-------++-------
 Fire: Hand crossbow     |    39 |   109 ||   148
Armor: Leather armour    |     2 |    12 ||    14
Dodge: Dodged            |     4 |    28 ||    32

Table legend: (Time is in decaauts)
 A = Elapsed time spent in this place.
 B = Non-inter-level travel time spent in this place.
 C = Inter-level travel time spent in this place.
 D = Time resting spent in this place.
 E = Time spent auto-exploring this place.
 F = Levels seen in this place.
 G = Mean time per level.
                   A        B        C        D        E       F      G
               +--------+--------+--------+--------+--------+-----+--------+
         Total |   2368 |   2270 |     98 |    468 |   1417 |   5 |  473.6 |
       Dungeon |   2368 |   2270 |     98 |    468 |   1417 |   5 |  473.6 |
               +--------+--------+--------+--------+--------+-----+--------+

Top non-repeatable levels by time:
     D:4: 1007 daAuts
     D:3: 539 daAuts
     D:1: 501 daAuts
     D:2: 277 daAuts
     D:5: 41 daAuts
